 Dungeon Crawl Stone Soup version 0.22-a0-443-g17c3723 (webtiles) character file.

2209 Gorglomux the Cleaver (level 9, -48/55 HPs)
             Began as a Gargoyle Fighter on June 1, 2018.
             Was a Believer of Okawaru.
             Killed from afar by a wizard (51 damage)
             ... with a crystal spear
             ... on level 7 of the Dungeon.
             The game lasted 00:03:50 (5137 turns).

Gorglomux the Cleaver (Gargoyle Fighter)            Turns: 5137, Time: 00:03:51

Health: -48/55     AC: 14    Str: 21    XL:     9   Next: 34%
Magic:  11/11      EV:  8    Int:  8    God:    Okawaru [**....]
Gold:   325        SH: 10    Dex: 10    Spells: 8/8 levels left

rFire    . . .     SeeInvis .   a - +0 war axe
rCold    + . .     Gourm    .   x - +0 shield
rNeg     + . .     Faith    .   b - +0 scale mail
rPois    ∞         Spirit   .   (no helmet)
rElec    +         Reflect  .   (no cloak)
rCorr    .         Harm     .   (no gloves)
MR       .....                  (no boots)
Stlth    ..........             (no amulet)
HPRegen  0.18/turn              c - ring of protection from cold
MPRegen  0.12/turn              X - -2 ring of strength (curse)

@: no status effects
A: negative energy resistance 1, electricity resistance, unbreathing,
petrification resistance, rot immunity, AC +6
a: Heroism, Renounce Religion


You were on level 7 of the Dungeon.
You worshipped Okawaru.
Okawaru was pleased with you.
You were not hungry.

You visited 2 branches of the dungeon, and saw 8 of its levels.

You collected 325 gold pieces.

Inventory:

Hand Weapons
 a - a +0 war axe (weapon)
Missiles
 Z - 2 throwing nets (quivered)
Armour
 b - a +0 scale mail (worn)
 x - a +0 shield (worn)
Jewellery
 c - a ring of protection from cold (left hand)
 X - a cursed -2 ring of strength (right hand)
Wands
 E - a wand of enslavement (4)
Scrolls
 j - 2 scrolls of enchant armour {unknown}
 n - 2 scrolls of amnesia {unknown}
 o - 5 scrolls of identify {unknown}
 p - 2 scrolls of fear {unknown}
 t - 2 scrolls of teleportation {unknown}
 u - 4 scrolls of enchant weapon {unknown}
 w - a scroll of immolation {unknown}
 F - a scroll of remove curse {unknown}
 K - a scroll of silence {unknown}
 M - a scroll of blinking {unknown}
Potions
 d - a potion of might
 h - 4 potions of heal wounds {unknown}
 i - a potion of flight {unknown}
 k - 4 potions of brilliance {unknown}
 l - a potion of invisibility {unknown}
 q - 3 potions of curing {unknown}
 H - a potion of degeneration {unknown}
 J - a potion of cancellation {unknown}
Comestibles
 f - 13 rations


   Skills:
 + Level 5.9 Fighting
 + Level 8.2 Axes
 + Level 5.9 Armour
 + Level 5.9 Shields
 - Level 3.0 Invocations


You had 8 spell levels left.
You didn't know any spells.
Your spell library was empty.

Dungeon Overview and Level Annotations

Branches:
Dungeon (7/15)             Temple (1/1) D:4

Altars:
Cheibriados
Dithmenos
Okawaru
Qazlal
Trog
Uskayaw
Wu Jian
Zin

Annotations:
D:4 Gorglomux's ghost, novice GrFi


Innate Abilities, Weirdness & Mutations

You are resistant to torment.
Your stone body is resilient. (AC +6)
You are immune to poison.
You resist negative energy. (rN+)
You are resistant to electric shocks. (rElec)
You can survive without breathing.
You are immune to petrification.
You are immune to rotting.


Message History

The butt monkey is heavily wounded!
You chop the wizard into pieces!!!
The wizard points at you and mumbles some strange words!
The bolt of cold hits you!!!
Butt resist!
The howler monkey hits you but does no damage!
You butt-ly miss the wizard!
The wizard is heavily wounded!
You carve the butt monkey like a ham!
The wizard hits butt with a dagger!
A worker ant comes into view!
The howler monkey hits you but does no damage!
The wizard points at you and mumbles some strange words!
The crystal spear butts you!!!
DANG; * * * don't die
* * * You are too injured to fight recklessly!!!
Unknown command!
Unknown command!
The wizard points at you and mumbles some strange words!
The crystal spear hits you!!!
DANG rip

#. ≈. #..≈# a
#..≈## .# #
##..≈≈##.## ..
.|..≈≈≈.≈≈
#.#.##.#...p...
...[...†h..#
#..po# #...
#@###.# #..# #
#.# #..#
#.####.# #[.#
...#.# #..#
####.#(# #..#
#......# ##..#
#.##.###
...<#######.
#.#
..........>.
#.#


You could see 2 wizards, an orc sorcerer and a howler monkey.

Vanquished Creatures
  The ghost of galech the Skirmisher, a novice OgBe of Trog (D:5)
  An ice beast (D:6)
  2 ogres (D:6)
  A necrophage (D:5)
  A centaur (D:5)
  2 bullfrogs (D:6)
  2 gnoll sergeants
  4 scorpions
  2 howler monkeys
  A centaur zombie (D:6)
  2 crimson imps
  An orc priest (D:5)
  2 jellies
  A hound (D:6)
  A bullfrog skeleton (D:6)
  3 iguanas
  3 worker ants
  5 orc wizards
  A hound zombie (D:3)
  15 gnolls
  5 adders
  An ooze (D:4)
  3 adder zombies
  An adder skeleton (D:6)
  A worm (D:2)
  3 dart slugs
  2 leopard geckos
  17 orcs
  8 giant cockroaches
  7 hobgoblins
  6 jackals
  5 quokkas
  A ball python (D:6)
  5 bats
  4 frilled lizards
  8 goblins
  A jackal zombie (D:5)
  10 kobolds
  A quokka zombie (D:5)
  6 rats
146 creatures vanquished.

Notes
Turn   | Place    | Note
-------+----------+-------------------------------------------
     0 | D:1      | Gorglomux the Gargoyle Fighter began the quest for the Orb.
     0 | D:1      | Reached XP level 1. HP: 14/14 MP: 1/1
    40 | D:1      | Reached skill level 2 in Axes
   277 | D:1      | Reached XP level 2. HP: 19/19 MP: 2/2
   485 | D:2      | Reached skill level 3 in Axes
   485 | D:2      | Reached XP level 3. HP: 23/23 MP: 3/3
   886 | D:2      | Reached XP level 4. HP: 27/28 MP: 4/4
   997 | D:2      | Reached skill level 4 in Axes
  1677 | D:3      | Reached XP level 5. HP: 30/32 MP: 5/5
  1967 | D:3      | Reached skill level 5 in Axes
  2304 | D:4      | Found an ornate altar of the Wu Jian Council.
  2310 | D:4      | Found a staircase to the Ecumenical Temple.
  2359 | D:4      | Reached XP level 6. HP: 28/37 MP: 6/6
  2370 | Temple   | Entered the Ecumenical Temple
  2382 | Temple   | Became a worshipper of Warmaster Okawaru
  2430 | D:4      | Reached skill level 6 in Axes
  2594 | D:4      | Noticed Gorglomux's ghost (novice GrFi)
  3108 | D:5      | Entered Level 5 of the Dungeon
  3108 | D:5      | Noticed a necrophage
  3114 | D:5      | Killed a necrophage
  3114 | D:5      | Reached XP level 7. HP: 39/41 MP: 7/7
  3118 | D:5      | Noticed galech's ghost (novice OgBe)
  3145 | D:5      | Reached * piety under Okawaru
  3145 | D:5      | Reached skill level 7 in Axes
  3889 | D:5      | Reached skill level 1 in Invocations
  4094 | D:5      | Killed galech's ghost
  4094 | D:5      | Reached XP level 8. HP: 35/48 MP: 7/10
  4311 | D:6      | Reached skill level 3 in Invocations
  4471 | D:6      | Reached XP level 9. HP: 24/54 MP: 8/11
  4476 | D:6      | Reached skill level 8 in Axes
  4523 | D:6      | Reached ** piety under Okawaru
  5127 | D:7      | Noticed a wizard
  5128 | D:7      | Noticed a wizard
  5130 | D:7      | Noticed an orc sorcerer
  5134 | D:7      | Noticed a wizard
  5137 | D:7      | Killed from afar by a wizard

Vault maps used:
D:1:      lightli_iron_boxes
D:3:      due_unseen_surprise
D:4:      lemuel_crystal_altar, minmay_temple_entry_glass
D:5:      wad_crossroads, basic_altar, first_ration
D:6:      kennysheep_spiral_hall
D:7:      cheibrodos_wizards_tower, serial_park_tiny_1
Temple:   nicolae_temple_the_god_donut

Skill      XL: |  1  2  3  4  5  6  7  8  9 |
---------------+----------------------------+-----
Axes           | 2 3 4 5 6 7 8 |  8.2
Invocations    | 2 3 |  3.0
Fighting       | 4 5 |  5.9
Armour         | 4 5 |  5.9
Shields        | 4 5 |  5.9

Action                   |  1- 3 |  4- 6 |  7- 9 || total
-------------------------+-------+-------+-------++-------
Melee: War axe           |   119 |   175 |   226 ||   520
Invok: Heroism           |       |       |     5 ||     5
  Eat: Ration            |       |     1 |       ||     1
       Chunk             |       |     4 |     7 ||    11
Armor: Scale mail        |    51 |    99 |   119 ||   269
Dodge: Dodged            |    39 |    63 |    90 ||   192
Block: Shield            |    83 |   109 |   146 ||   338

Table legend:
 A = Spawn XP
 B = Non-spawn XP
 C = Spawn XP percentage of total XP
 D = Spawn monster count
 E = Non-spawn monster count
 F = Spawn count percentage of total count
 G = Total turns spent on level
                    A         B        C        D         E        F      G
               +---------+---------+-------+---------+---------+-------+---------
         Total |       0 |    3156 |   0.0 |       0 |     146 |   0.0 |  5137
               +---------+---------+-------+---------+---------+-------+---------
           D:1 |       0 |      27 |   0.0 |       0 |      18 |   0.0 |   472
           D:2 |       0 |     110 |   0.0 |       0 |      26 |   0.0 |  1373
           D:3 |       0 |     137 |   0.0 |       0 |      22 |   0.0 |   501
           D:4 |       0 |     386 |   0.0 |       0 |      18 |   0.0 |  1228
           D:5 |       0 |    1085 |   0.0 |       0 |      28 |   0.0 |   668
           D:6 |       0 |    1357 |   0.0 |       0 |      33 |   0.0 |   840
           D:7 |       0 |      54 |   0.0 |       0 |       1 |   0.0 |    37
               +---------+---------+-------+---------+---------+-------+---------
